 Dungeon Crawl Stone Soup version 0.18-a0-19-g8b99b3a (webtiles) character file.

324858 Duffy the Executioner (level 21, -12/206 HPs)
             Began as a Naga Berserker on Nov 1, 2015.
             Was the Champion of Trog.
             Mangled by a deep troll (19 damage)
             ... led by an ironheart preserver
             ... on level 2 of the Vaults.
             The game lasted 01:51:10 (59276 turns).

Duffy the Executioner (Naga Berserker)             Turns: 59276, Time: 01:51:10

Health: -12/206    AC: 39    Str: 23    XL:     21   Next: 61%
Magic:  10/10      EV: 16    Int:  7    God:    Trog [******]
Gold:   2383       SH:  0    Dex: 21    Spells: 0 memorised, 20 levels left

rFire  + . .     SeeInvis +     a - +6 executioner's axe (antimagic)
rCold  . . .     Clarity  .     V - +4 scale mail {rF+}
rNeg   . . .     SustAt   .     (shield currently unavailable)
rPois  +         Gourm    .     f - +0 helmet
rElec  .         Spirit   .     m - +0 cloak
rCorr  .         Warding  .     z - +2 pair of gloves {Dex+3}
rMut   .         Stasis   .     w - +4 naga barding
MR     +++..                    t - amulet of faith
Stlth  ..........               S - ring of protection from magic
                                P - +4 ring of protection

@: about to teleport, very slow, extremely resistant to hostile enchantments,
extremely unstealthy
A: see invisible, deformed body, poison resistance, shaggy fur 1, slowness 2,
slow metabolism 1, spit poison 2, constrict 1, AC +7
a: Spit Poison, Berserk, Trog's Hand, Brothers in Arms, Burn Spellbooks,
Renounce Religion
}: 2/15 runes: decaying, gossamer


You were on level 2 of the Vaults.
You worshipped Trog.
Trog was exalted by your worship.
You were not hungry.

You visited 7 branches of the dungeon, and saw 39 of its levels.
You also visited: Labyrinth, Bailey, Ice Cave and Volcano.

You collected 4370 gold pieces.
You spent 1987 gold pieces at shops.


Innate Abilities, Weirdness & Mutations

You cannot wear boots.
Your serpentine skin is tough (AC +7).
You have supernaturally acute eyesight.
Armour fits poorly on your strangely shaped body.
Your system is resistant to poisons.
You cover ground very slowly.
You have a slow metabolism.
You can spit poison.
You can use your snake-like lower body to constrict enemies.
You are covered in fur (AC +1).


   Skills:
 - Level 16.5 Fighting
 - Level 22.0 Axes
 + Level 12.0 Armour
 + Level 12.2 Dodging
 - Level 13.5 Evocations


You had 20 spell levels left.
You didn't know any spells.

Inventory:

Hand Weapons
 a - a +6 antimagic executioner's axe (weapon)
 b - a +0 blowgun
Missiles
 r - 2 throwing nets (quivered)
 C - 13 curare-tipped needles
 D - 159 poisoned needles
Armour
 f - a +0 helmet (worn)
 m - a +0 cloak (worn)
 w - a +4 naga barding (worn)
 z - a +2 pair of gloves of dexterity (worn)
 V - a +4 scale mail of fire resistance (worn)
Jewellery
 i - an uncursed amulet of resist mutation
 t - an amulet of faith (around neck)
 J - an uncursed ring of protection from fire
 P - a +4 ring of protection (left hand)
 S - a ring of protection from magic (right hand)
 T - an uncursed ring of protection from cold
 W - the ring of Sifren {+/*Tele Str+2}

   [ring of teleportation]

   It may teleport you to nearby monsters, and can be evoked to randomly
   teleport.
   It affects your strength (+2).
Wands
 d - a wand of teleportation (7)
 s - a wand of heal wounds (9)
 B - a wand of invisibility (6)
Scrolls
 c - 4 scrolls of blinking
 e - 12 scrolls of teleportation
 h - 2 scrolls of summoning
 j - 6 scrolls of recharging
 o - 6 scrolls of magic mapping
 u - 2 scrolls of silence
 x - 14 scrolls of remove curse
 M - 9 scrolls of fog
 Z - 5 scrolls of fear
Potions
 g - 11 potions of curing
 n - 8 potions of cancellation
 p - 4 potions of agility
 v - 3 potions of flight
 A - 5 potions of might
 G - 4 potions of heal wounds
 K - 5 potions of haste
 O - 3 potions of resistance
 Q - 7 potions of ambrosia
 U - 2 potions of invisibility
Miscellaneous
 k - 2 phantom mirrors
 y - a box of beasts
 E - a sack of spiders
 N - a lantern of shadows
Comestibles
 l - 24 bread rations
 q - 17 meat rations
 Y - 5 beef jerkies

Dungeon Overview and Level Annotations

Branches:
Dungeon (15/15)            Temple (0/1) D:4            Lair (8/8) D:9
  Swamp (4/4) Lair:6       Spider (4/4) Lair:3        Slime (0/6) Lair:7
    Orc (4/4) D:11            Elf (2/3) Orc:3        Vaults (2/5) D:13
  Crypt (0/3) Vaults:2     Depths (0/5) D:15

Altars:
Ashenzari
Cheibriados
Dithmenos
Elyvilon
Fedhas
Gozag
Kikubaaqudgha
Nemelex Xobeh
Okawaru
Qazlal
Ru
Sif Muna
Trog
Xom
Yredelemnul
Zin
The Shining One
Beogh
Jiyva

Shops:
D:5 =(!?   D:14 (   Orc:4 :*[(   Elf:2 *

Annotations:
Swamp:1 exclusion: Roxanne, Roxanne
Elf:2 2 runed doors


Message History

The deep troll closely misses you. The deep troll claws you!
The deep troll bites you but does no damage.
The deep troll misses you.
The deep troll claws you but does no damage.
You release your grip on the deep troll.
The deep troll bites you but does no damage.
The deep troll claws you but does no damage.
The deep troll barely misses you. The deep troll closely misses you.
The deep troll claws you but does no damage.
The deep troll claws you.
The deep troll bites you but does no damage.
The deep troll barely misses you. The deep troll closely misses you.
Your scale mail prevents you from hitting the deep troll.
You grab the deep troll.
The deep troll is almost dead.
You closely miss the deep troll. You constrict the deep troll.
The deep troll bites you! The deep troll completely misses you.
The deep troll claws you but does no damage.
The deep troll bites you!! The deep troll barely misses you.
The deep troll claws you but does no damage.
The deep troll bites you! The deep troll barely misses you.
The deep troll claws you but does no damage.
Read which item? (? for menu, Esc to quit)
As you read the scroll of teleportation, it crumbles to dust.
You feel strangely unstable.
You constrict the deep troll. The deep troll bites you!!
The deep troll claws you but does no damage.
The deep troll closely misses you.
The deep troll bites you but does no damage.
The deep troll misses you. The deep troll claws you.
The deep troll bites you but does no damage.
The deep troll closely misses you. The deep troll misses you.
You release your grip on the deep troll.
The deep troll bites you!!
You die...

#'####(.#......#.......#.....>..)
.....#..#......#.......#........#
≈(≈≈.#..#......#.......#........#
≈.≈≈)#..##'#####.......#........#
..)))#..(..............#........#
≈.≈≈)#.................#........#
≈.≈≈.'......c..........#........#
.....#.......†.T.......####'#####
'######.....)).T@.......##...##..
......'....########.....##...##..
......#....'......#.....##...##..
......#....#......#....###...##..
......#....#......########.#.####
......#....#......#######'...####
......#....#......#.#....#)......
......#....#......'......#....#..
#######....########.#....#.......


You could see a yaktaur captain and 2 deep trolls.

Action                   |  1- 3 |  4- 6 |  7- 9 | 10-12 | 13-15 | 16-18 | 19-21 || total
-------------------------+-------+-------+-------+-------+-------+-------+-------++-------
Melee: Hand axe          |   120 |    40 |       |       |       |       |       ||   160
       War axe           |       |   109 |   312 |   477 |    24 |     4 |       ||   926
       Battleaxe         |       |       |       |   268 |   694 |    18 |    94 ||  1074
       Executioner's axe |       |       |       |       |   521 |  1117 |  1393 ||  3031
 Fire: Blowgun           |       |       |       |       |       |       |    50 ||    50
Invok: Berserk           |     1 |     3 |     9 |    12 |     8 |     5 |     2 ||    40
       Burn Spellbooks   |       |     1 |     1 |     2 |     6 |     2 |     3 ||    15
       Brothers in Arms  |       |       |       |     2 |       |       |     1 ||     3
       Trog's Hand       |       |       |       |       |     1 |       |     6 ||     7
 Abil: Spit Poison       |     7 |     9 |    13 |     5 |       |       |       ||    34
Evoke: Wand              |       |       |       |       |     3 |     1 |    42 ||    46
  Use: Scroll            |       |       |    16 |     9 |     8 |    14 |    17 ||    64
       Potion            |       |       |       |     1 |       |     4 |     4 ||     9
 Stab: Invisible         |       |       |       |       |       |     9 |       ||     9
       Paralysed         |       |       |       |       |       |       |     4 ||     4
       Distracted        |       |       |       |       |       |       |     2 ||     2
  Eat: Chunk             |     2 |    10 |    17 |    22 |    36 |    33 |    15 ||   135
       Fruit             |       |       |     2 |    10 |       |     5 |    10 ||    27
       Beef jerky        |       |       |     2 |     2 |     1 |     4 |    13 ||    22
       Royal jelly       |       |       |       |     4 |     2 |     1 |       ||     7
       Pizza             |       |       |       |       |     1 |     1 |     1 ||     3

Notes
Turn   | Place    | Note
--------------------------------------------------------------
     0 | D:1      | Duffy the Naga Berserker began the quest for the Orb.
     0 | D:1      | Reached XP level 1. HP: 21/21 MP: 1/1
   454 | D:1      | Reached XP level 2. HP: 28/28 MP: 2/2
   916 | D:1      | Reached XP level 3. HP: 34/34 MP: 3/3
  1497 | D:1      | Reached ** piety under Trog
  1796 | D:2      | Noticed Robin
  1807 | D:2      | Killed Robin
  1807 | D:2      | Reached skill level 4 in Fighting
  1807 | D:2      | Reached XP level 4. HP: 44/44 MP: 4/4
  1810 | D:2      | Reached skill level 4 in Axes
  2481 | D:3      | Reached *** piety under Trog
  2876 | D:3      | Noticed a big kobold
  2892 | D:2      | Killed a big kobold
  2892 | D:2      | Reached skill level 2 in Armour
  2892 | D:2      | Reached XP level 5. HP: 32/51 MP: 5/5
  3160 | D:3      | Reached skill level 5 in Axes
  3262 | D:3      | Reached XP level 6. HP: 55/58 MP: 6/6
  3282 | D:3      | Found a deep blue altar of Sif Muna.
  3386 | D:3      | Received a gift from Trog
  3667 | D:4      | Found a staircase to the Ecumenical Temple.
  3948 | D:4      | Reached skill level 3 in Armour
  3974 | D:4      | Noticed Pikel
  3984 | D:4      | Killed Pikel
  3984 | D:4      | Reached skill level 5 in Armour
  3984 | D:4      | Reached XP level 7. HP: 66/66 MP: 7/7
  4230 | D:4      | Noticed Blork the orc
  4242 | D:4      | Killed Blork the orc
  4242 | D:4      | Reached XP level 8. HP: 73/73 MP: 8/8
  4603 | D:5      | Entered Level 5 of the Dungeon
  4695 | D:5      | Noticed Grinder
  4704 | D:4      | Reached skill level 6 in Axes
  4872 | D:5      | Killed Grinder
  4872 | D:5      | Reached skill level 7 in Axes
  5055 | D:5      | Found a sparkling altar of Nemelex Xobeh.
  5248 | D:5      | Reached skill level 8 in Axes
  5348 | D:5      | Found Guannat's Magic Scroll Shoppe.
  5363 | D:5      | Noticed a deep elf mage
  5367 | D:5      | Killed a deep elf mage
  5420 | D:5      | Bought a scroll of identify for 28 gold pieces
  5420 | D:5      | Bought a scroll of identify for 28 gold pieces
  5420 | D:5      | Bought a scroll of identify for 28 gold pieces
  5427 | D:5      | Bought a scroll of enchant armour for 105 gold pieces
  5597 | D:5      | Found Qoetiteu's Distillery.
  5605 | D:5      | Bought a potion of poison for 13 gold pieces
  5677 | D:5      | Noticed Sigmund
  5691 | D:5      | Killed Sigmund
  5691 | D:5      | Reached skill level 9 in Axes
  5691 | D:5      | Reached XP level 9. HP: 79/79 MP: 9/9
  5773 | D:5      | Found Detileun's Weapon Shoppe.
  5796 | D:5      | Reached **** piety under Trog
  5850 | D:5      | Got a heavily runed hat
  5963 | D:5      | Found Qogeh's Jewellery Emporium.
  6544 | D:6      | Reached skill level 10 in Axes
  6853 | D:7      | Found a blossoming altar of Fedhas.
  6977 | D:7      | Noticed Joseph
  6996 | D:7      | Killed Joseph
  7148 | D:7      | Found an opulent altar of Gozag.
  7148 | D:7      | Found a shadowy altar of Dithmenos.
  7274 | D:7      | Reached skill level 11 in Axes
  7292 | D:7      | Found a shattered altar of Ashenzari.
  7316 | D:7      | Identified the +1 hat of the Present {Str+3 Dex+2} (You found it on level 5 of the Dungeon)
  7654 | D:7      | Found a shimmering altar of Xom.
  7657 | D:7      | Found a basalt altar of Yredelemnul.
  7659 | D:7      | Found a stormy altar of Qazlal.
  7725 | D:7      | Reached skill level 5 in Fighting
  7984 | D:8      | Found a sacrificial altar of Ru.
  8286 | D:8      | Reached skill level 1 in Evocations
  8286 | D:8      | Reached XP level 10. HP: 78/88 MP: 10/10
  8368 | D:8      | Reached skill level 6 in Armour
  8482 | D:8      | Reached skill level 2 in Evocations
  8490 | D:8      | Reached ***** piety under Trog
  8824 | D:9      | Found a staircase to the Lair.
  8878 | D:9      | Reached skill level 3 in Evocations
  9069 | D:9      | Received a gift from Trog
  9220 | D:9      | Reached skill level 4 in Evocations
  9243 | D:9      | Found an iron altar of Okawaru.
  9364 | D:9      | Noticed kroki's ghost (novice FoBe)
  9400 | D:9      | Killed kroki's ghost
  9400 | D:9      | Reached skill level 12 in Axes
  9400 | D:9      | Reached skill level 7 in Armour
  9767 | D:9      | Found a glowing golden altar of the Shining One.
  9768 | D:9      | Found a white marble altar of Elyvilon.
  9768 | D:9      | Found a glowing silver altar of Zin.
  9871 | D:10     | Entered Level 10 of the Dungeon
  9885 | D:10     | Reached skill level 5 in Evocations
  9992 | D:10     | Reached XP level 11. HP: 86/94 MP: 14/14
 10113 | D:10     | Noticed Fannar
 10128 | Lair:1   | Entered Level 1 of the Lair of Beasts
 10211 | Lair:1   | Found a labyrinth entrance.
 10220 | Lab      | Entered a labyrinth
 10620 | Lab      | Noticed a minotaur
 10643 | Lab      | Killed a minotaur
 11035 | Lair:1   | Noticed Ashar's ghost (novice DrAE)
 11044 | Lair:1   | Reached skill level 6 in Fighting
 11046 | Lair:1   | Killed Ashar's ghost
 11046 | Lair:1   | Reached skill level 8 in Armour
 11694 | Lair:2   | Received a gift from Trog
 11756 | Lair:2   | Reached skill level 13 in Axes
 11767 | Lair:2   | Reached skill level 7 in Fighting
 12180 | Lair:2   | Received a gift from Trog
 12344 | Lair:2   | Reached skill level 8 in Fighting
 12522 | Lair:2   | Reached skill level 2 in Dodging
 12620 | Lair:2   | Reached XP level 12. HP: 98/110 MP: 15/15
 13389 | Lair:3   | Noticed a four-headed hydra
 13406 | Lair:3   | Found a dark tunnel.
 13411 | Volcano  | Entered a volcano
 13500 | Volcano  | Reached skill level 3 in Dodging
 13574 | Volcano  | Noticed Menkaure
 13583 | Volcano  | Killed Menkaure
 13793 | Volcano  | Reached skill level 14 in Axes
 13948 | Volcano  | Reached skill level 4 in Dodging
 14413 | Lair:3   | Killed a one-headed hydra
 14627 | Lair:3   | Received a gift from Trog
 14640 | Lair:3   | Got an ichor-stained battleaxe {god gift}
 14641 | Lair:3   | Identified the +3 battleaxe of Courage {chop, rPois} (Trog gifted it to you on level 3 of the Lair of Beasts)
 14842 | Lair:3   | Found a hole to the Spider Nest.
 15215 | Lair:3   | Reached skill level 5 in Dodging
 16122 | Lair:4   | Reached skill level 6 in Dodging
 16566 | Lair:1   | Gained mutation: You can use your snake-like lower body to constrict enemies. [Naga growth]
 16566 | Lair:1   | Reached XP level 13. HP: 80/117 MP: 16/16
 16572 | Lair:1   | Reached skill level 15 in Axes
 16780 | Lair:1   | Received a gift from Trog
 16787 | Lair:1   | Reached skill level 7 in Dodging
 17140 | D:10     | Killed Fannar
 17209 | D:10     | Received a gift from Trog
 17681 | D:5      | Bought a cursed amulet of faith for 407 gold pieces
 18300 | Lair:4   | Reached skill level 8 in Dodging
 18748 | Lair:4   | Reached skill level 16 in Axes
 19529 | Lair:5   | Received a gift from Trog
 19700 | Lair:5   | Noticed Josephine
 19708 | Lair:5   | Killed Josephine
 20042 | Lair:5   | Reached skill level 9 in Fighting
 20226 | Lair:5   | Reached XP level 14. HP: 124/129 MP: 17/17
 20818 | Lair:2   | Received a gift from Trog
 21119 | Lair:6   | Found a staircase to the Swamp.
 21411 | Lair:6   | Found a bloodstained altar of Trog.
 21467 | Lair:6   | Noticed Nessos
 21481 | Lair:6   | Killed Nessos
 21481 | Lair:6   | Reached skill level 10 in Fighting
 22183 | Lair:7   | Reached skill level 17 in Axes
 22225 | Lair:7   | Found a frozen archway.
 22236 | Lair:7   | Reached ****** piety under Trog
 22237 | Lair:7   | Received a gift from Trog
 22331 | IceCv    | Entered an ice cave
 23318 | IceCv    | Noticed a frost giant
 23338 | IceCv    | Killed a frost giant
 23338 | IceCv    | Reached skill level 18 in Axes
 23894 | Lair:7   | Found a viscous altar of Jiyva.
 23894 | Lair:7   | Found a staircase to the Slime Pits.
 23993 | Lair:7   | Received a gift from Trog
 24818 | Lair:8   | Entered Level 8 of the Lair of Beasts
 24818 | Lair:8   | Noticed Rupert
 24826 | Lair:8   | Killed Rupert
 24826 | Lair:8   | Reached XP level 15. HP: 138/138 MP: 6/18
 25506 | Lair:8   | Reached skill level 19 in Axes
 25603 | Lair:8   | Received a gift from Trog
 25949 | Lair:8   | Received a gift from Trog
 26248 | Lair:8   | Got an ancient bronze ring
 26251 | Lair:8   | Identified the ring of Sifren {+/*Tele Str+2} (You found it on level 8 of the Lair of Beasts)
 26758 | Lair:8   | Reached skill level 20 in Axes
 27372 | Lair:8   | Received a gift from Trog
 28966 | D:11     | Found a staircase to the Orcish Mines.
 29566 | D:12     | Received a gift from Trog
 29834 | D:12     | Reached XP level 16. HP: 146/146 MP: 6/19
 30080 | D:13     | Found a snail-covered altar of Cheibriados.
 30447 | D:13     | Reached skill level 21 in Axes
 30457 | D:13     | Found a gate to the Vaults.
 30463 | D:13     | Received a gift from Trog
 31621 | D:14     | Found a flagged portal.
 31630 | Bailey   | Entered a bailey
 31838 | Bailey   | Found a roughly hewn altar of Beogh.
 32235 | D:14     | Found a white marble altar of Elyvilon.
 32398 | D:14     | Found Oskutile's Antique Weapon Shoppe.
 32682 | D:14     | Received a gift from Trog
 32809 | D:15     | Entered Level 15 of the Dungeon
 32939 | D:15     | Found a staircase to the Depths.
 34113 | D:15     | Reached skill level 22 in Axes
 34397 | D:15     | Received a gift from Trog
 34688 | D:15     | Found a glowing silver altar of Zin.
 35219 | Orc:1    | Entered Level 1 of the Orcish Mines
 35291 | Orc:2    | Noticed Sonja
 35305 | Orc:2    | Killed Sonja
 35410 | Orc:1    | Found a roughly hewn altar of Beogh.
 35766 | Orc:3    | Found a staircase to the Elven Halls.
 36362 | Orc:3    | Received a gift from Trog
 36425 | Orc:2    | Noticed Harold
 36437 | Orc:2    | Killed Harold
 36594 | Orc:4    | Entered Level 4 of the Orcish Mines
 37019 | Orc:4    | Received a gift from Trog
 37129 | Orc:4    | Reached skill level 9 in Dodging
 37198 | Orc:4    | Noticed Saint Roka
 37211 | Orc:4    | Killed Saint Roka
 37211 | Orc:4    | Reached XP level 17. HP: 105/154 MP: 6/20
 38128 | Orc:4    | Received a gift from Trog
 38350 | Orc:4    | Found Pafe's Antique Armour Boutique.
 38351 | Orc:4    | Found Gotyotah's Antique Weapon Shop.
 38352 | Orc:4    | Found Siopuxto's General Store.
 38352 | Orc:4    | Found Nunn's Book Boutique.
 38590 | Orc:4    | Reached skill level 9 in Armour
 38692 | Orc:4    | Bought a scroll of acquirement for 676 gold pieces
 38696 | Orc:4    | Bought a scroll of recharging for 123 gold pieces
 38696 | Orc:4    | Bought a scroll of random uselessness for 13 gold pieces
 38709 | Orc:4    | Bought a pair of embroidered gloves for 144 gold pieces
 38996 | Orc:1    | Reached skill level 11 in Fighting
 39125 | Orc:2    | Received a gift from Trog
 39576 | Orc:2    | Noticed Erolcha
 39580 | Orc:2    | Killed Erolcha
 39650 | Orc:2    | Received a gift from Trog
 40021 | D:5      | Bought a scroll of enchant armour for 105 gold pieces
 40021 | D:5      | Bought a scroll of fear for 49 gold pieces
 40021 | D:5      | Bought a scroll of teleportation for 42 gold pieces
 40021 | D:5      | Bought a scroll of fear for 49 gold pieces
 40021 | D:5      | Bought a scroll of vulnerability for 105 gold pieces
 40211 | Elf:1    | Entered Level 1 of the Elven Halls
 40495 | Elf:1    | Received a gift from Trog
 41433 | Elf:1    | Received a gift from Trog
 41716 | Elf:2    | Reached skill level 10 in Dodging
 42039 | Elf:2    | Found Yshroopi's Assorted Antiques.
 42225 | Elf:2    | Bought a scroll of identify for 72 gold pieces
 42236 | Elf:2    | Reached skill level 12 in Fighting
 42236 | Elf:2    | Reached skill level 10 in Armour
 42236 | Elf:2    | Reached XP level 18. HP: 168/168 MP: 7/21
 42397 | Elf:2    | Received a gift from Trog
 42447 | Elf:2    | Noticed Norris
 42460 | Elf:2    | Killed Norris
 42613 | Elf:2    | Found a runed door.
 42638 | Elf:2    | Found a runed door.
 43490 | Swamp:1  | Entered Level 1 of the Swamp
 43554 | Swamp:1  | Noticed Roxanne
 44196 | Swamp:1  | Received a gift from Trog
 44384 | Swamp:2  | Reached XP level 19. HP: 166/177 MP: 7/22
 44517 | Swamp:2  | Reached skill level 11 in Dodging
 44754 | Swamp:2  | Noticed Donald
 44767 | Swamp:2  | Killed Donald
 45284 | Swamp:3  | Reached skill level 13 in Fighting
 45320 | Swamp:3  | Noticed Kirke
 45327 | Swamp:3  | Killed Kirke
 45347 | Swamp:3  | Got a bound bone ring
 45348 | Swamp:3  | Identified the ring of Zihow {Fire -Tele Str+3 SInv} (You found it on level 3 of the Swamp)
 45576 | Swamp:3  | Reached skill level 11 in Armour
 45697 | Swamp:3  | Received a gift from Trog
 46459 | Swamp:4  | Entered Level 4 of the Swamp
 46974 | Swamp:4  | Got a jewelled plate armour
 47097 | Swamp:4  | Received a gift from Trog
 47104 | Swamp:4  | Reached skill level 14 in Fighting
 47921 | Swamp:4  | Got a decaying rune of Zot
 48423 | Spider:1 | Entered Level 1 of the Spider Nest
 48434 | Spider:1 | Received a gift from Trog
 48448 | Spider:1 | Reached skill level 15 in Fighting
 49237 | Spider:1 | Gained mutation: You are covered in fur (AC +1). [potion of beneficial mutation]
 49976 | Spider:2 | Identified the cursed +0 plate armour "Fein" {Int+3} (You found it on level 4 of the Swamp)
 50090 | Spider:2 | Received a gift from Trog
 50808 | Spider:2 | Received a gift from Trog
 51112 | Spider:3 | Reached skill level 16 in Fighting
 51531 | Spider:2 | Reached XP level 20. HP: 147/199 MP: 7/23
 52149 | Spider:4 | Entered Level 4 of the Spider Nest
 52160 | Spider:4 | Received a gift from Trog
 52203 | Spider:4 | Reached skill level 6 in Evocations
 52636 | Spider:4 | Reached skill level 7 in Evocations
 53169 | Spider:4 | Received a gift from Trog
 53264 | Spider:4 | Reached skill level 8 in Evocations
 53953 | Spider:4 | Received a gift from Trog
 54280 | Spider:4 | Reached skill level 9 in Evocations
 54887 | Spider:4 | Got a gossamer rune of Zot
 55204 | Vaults:1 | Entered Level 1 of the Vaults
 55214 | Vaults:1 | Reached skill level 10 in Evocations
 55408 | Vaults:1 | Received a gift from Trog
 55793 | Vaults:1 | Reached skill level 11 in Evocations
 56349 | Vaults:1 | Received a gift from Trog
 56349 | Vaults:1 | Reached skill level 12 in Evocations
 56796 | Vaults:1 | Reached XP level 21. HP: 153/206 MP: 10/30
 56800 | Vaults:1 | Reached skill level 13 in Evocations
 56903 | Vaults:1 | Received a gift from Trog
 57755 | Vaults:2 | Found a staircase to the Crypt.
 57755 | Vaults:2 | Found a basalt altar of Yredelemnul.
 57756 | Vaults:2 | Found an ancient bone altar of Kikubaaqudgha.
 57978 | Vaults:2 | Received a gift from Trog
 58725 | Vaults:2 | Received a gift from Trog
 58740 | Vaults:2 | Reached skill level 12 in Dodging
 59264 | Vaults:2 | Reached skill level 12 in Armour
 59276 | Vaults:2 | Mangled by a deep troll

Vault maps used:
D:1:      roderic_octagonal_star
D:2:      uniq_robin
D:3:      led_sif_book, st_stairs_13
D:4:      minmay_temple_entry_junction2, first_bread,
          kennysheep_generic_room_13, uniq_pikel, uniq_blork_the_orc
D:5:      lemuel_doored_altar, serial_shops, nicolae_shop_stone, shop_fountains,
          nicolae_shop_crystal, nicolae_shop_statue_plus, uniq_grinder,
          uniq_sigmund
D:7:      overflow_temple_1_default, nicolae_overflow_hidden_temple,
          evilmike_ruin_ashenzari, uniq_joseph
D:8:      hangedman_ru_absence
D:9:      good_gods_temple_1, dpeg_lair_monsters, basic_altar,
          hangedman_tell_no_tales
D:10:     kennysheep_generic_room_3, uniq_fannar
D:11:     minmay_orc_entry_guard_dogs, minivault_28
D:13:     boulder_corridor_run, grunt_vaults_entry_tiered, basic_altar,
          kennysheep_small_circle
D:14:     serial_shops, nicolae_shop_behind_doors, elyvilon_altar_4,
          enter_bailey_2, minmay_liquid_box
D:15:     gammafunk_depths_entry_grave, serial_bayou_ford_a, basic_altar
Lair:1:   lab_entry_generic, wad_woods_road_03, minivault_29
Lair:2:   columned_hall_lemuel, lemuel_fruit_tree, infiniplex_staircase_pool
Lair:3:   spider_nest_entry_webs, nicolae_volcano_entry_s_turn,
          cheibrodos_lair_caveside_slide
Lair:4:   dragon1_lemuel, serial_bayou_shore_a, grunt_megastairs_1,
          infiniplex_staircase_pool_2
Lair:5:   serial_bayou_shore_b, lemuel_fruit_fields, serial_bayou_shore_b,
          grunt_megastairs_3, uniq_josephine
Lair:6:   swamp_mist, basic_altar, uniq_nessos
Lair:7:   slime_altar_1, portal_ice_cave_entry_imps, lemuel_fruit_fields
Lair:8:   hangedman_lair_caniforms_friends, uniq_rupert
Swamp:1:  evilmike_swamp_ruin_house_2, swamp_pool5, uniq_roxanne
Swamp:2:  hangedman_swamp_blocks, uniq_donald
Swamp:3:  evilmike_swamp_ruin_house_3, uniq_kirke
Swamp:4:  swamp_basic_johnstein
Spider:3: nicolae_spider_shape
Spider:4: grunt_spider_rune_circles
Orc:1:    mines2_david
Orc:2:    lemuel_ogre_cave, uniq_harold, uniq_sonja
Orc:3:    nicolae_orc_pool_cavern
Orc:4:    st_orc_congregation, uniq_saint_roka
Elf:1:    eino_elf_arrival_shootout, minmay_elf_crystal_heptagon
Elf:2:    serial_shops, shop, st_stairs_13, uniq_norris
Vaults:1: grunt_vaults_twisty, v_misc_1, ontoclasm_vaults_decontamination,
          v_alt_pattern_1, hangedman_vaults_corner,
          nicolae_vaults_windows_and_doors_thing, serial_ice_m,
          vaults_dpeg_diagonal, nicolae_vaults_little_squares_1,
          vaults_mumra_minichess_inversion, vaults_room_door_hall,
          nicolae_vaults_shelves_hall
Vaults:2: vaults_room_fours, hangedman_vaults_variations, hangedman_vaults_hat,
          v_misc_30, v_misc_12, serial_ice_b, hangedman_vaults_cutoff,
          minmay_crypt_entry_necro_gods, ontoclasm_vaults_pinch
Lab:      labyrinth_mini_lab, nicolae_lab_blocks, nicolae_lab_hexagon,
          labyrinth_fake_exit, nicolae_lab_arrow, nicolae_lab_starburst,
          nicolae_lab_swirl, lab_fountain, lab_hedge
Bailey:   bailey_polearm_2, bailey
IceCv:    ice_cave_caverns_02
Volcano:  volcano_tomb

Vanquished Creatures
  Norris Saint Roka Rupert
  A thorn hunter Kirke
  A fire giant Donald
  A frost giant
  9 emperor scorpions
  3 vault wardens
  10 ironheart preservers
  An orc warlord
  A ghost moth
  2 stone giants Nessos
  A salamander stormcaller
  A deep elf demonologist
  A minotaur
  5 deep elf death magi
  3 yaktaur captains
  A deep elf high priest Josephine
  2 fire dragons
  4 vault guards Erolcha
  22 hydras Fannar Harold
  A rakshasa
  5 entropy weavers
  An ice dragon
  10 centaur warriors
  3 great orbs of eyes
  2 ghost crabs
  7 ogre magi
  4 dancing weapons
  2 deep troll shamans
  5 alligators
  A queen ant
  The ghost of Ashar the Zephyrmancer, a novice DrAE of Vehumet
  11 death yaks
  The ghost of kroki the Carver, a novice FoBe of Trog
  A vampire mage
  6 orc high priests Sonja
  7 skeletal warriors
  4 deep elf knights
  2 unseen horrors
  A fire crab (shapeshifter)
  7 deep elf summoners
  A flayed ghost
  4 deep trolls
  5 ironbrand convokers Pikel
  5 spriggan druids
  2 necromancers
  8 harpies
  7 swamp dragons
  6 hill giants
  A wolf spider zombie
  2 oklob plants
  10 orc knights
  3 wizards
  2 sphinx skeletons
  19 orb spiders
  12 deep elf conjurers
  A griffon
  7 orc sorcerers
  21 wolf spiders
  3 manticores
  13 ugly things
  A moth of wrath
  4 black mambas
  5 cyclopes
  A frost giant skeleton
  5 hornets
  A hornet (shapeshifter)
  16 spiny frogs
  25 elephants Joseph
  A black mamba (shapeshifter)
  An ice statue
  A gargoyle
  7 vault sentinels
  2 torpor snails
  23 yaktaurs
  10 deep elf priests
  7 demonic crawlers
  10 two-headed ogres
  15 komodo dragons
  An efreet
  A yaktaur (shapeshifter)
  A wolf spider simulacrum
  9 trolls
  17 blink frogs
  An entropy weaver zombie
  5 fire drakes
  A freezing wraith
  8 giant leeches
  24 polar bears
  A troll (shapeshifter)
  Grinder
  2 minotaur skeletons
  A two-headed ogre (shapeshifter)
  8 bog bodies
  17 slime creatures
  2 boulder beetles
  23 jumping spiders
  2 deep troll zombies
  A centaur simulacrum
  A raiju
  27 trapdoor spiders
  A flying skull
  6 wraiths
  A wyvern Sigmund
  57 redbacks
  5 hogs
  20 humans
  19 tarantellas
  3 shadows
  5 vampires
  13 hippogriffs
  23 deep elf magi
  78 yaks
  A human simulacrum
  5 spriggans
  5 basilisks
  38 vampire mosquitoes
  2 mottled dragons Menkaure
  3 hungry ghosts
  9 insubstantial wisps
  28 swamp worms
  A steam dragon
  22 deep elf fighters
  13 wargs
  58 wolves
  16 porcupines
  4 hell hounds
  14 water moccasins
  20 soldier ants
  12 black bears
  20 swamp drakes
  62 orc warriors
  18 spiders
  3 phantoms
  2 slaves
  5 wasps
  A necrophage
  2 ice beasts
  An eye of draining
  19 centaurs
  5 sky beasts
  38 ogres
  A manticore skeleton
  5 boggarts
  21 crocodiles Blork the orc
  3 big kobolds
  A gnoll sergeant
  25 giant frogs
  A glowing shapeshifter simulacrum
  7 scorpions
  3 wights
  7 killer bees
  A troll skeleton
  2 spriggan skeletons
  5 electric eels
  6 crimson imps
  14 two-headed ogre zombies
  3 centaur zombies
  2 quasits
  32 orc priests
  A giant frog zombie
  7 jellies
  11 centaur skeletons
  A gnoll shaman
  16 hounds
  2 lava snakes
  36 orc wizards
  A giant frog skeleton
  A two-headed ogre skeleton
  26 worker ants
  16 iguanas
  34 sheep
  An ogre skeleton
  3 hound skeletons
  2 mummies Robin
  3 worker ant zombies
  8 gnolls
  49 river rats
  12 adders
  13 white imps
  A worm
  4 giant geckos
  269 orcs
  5 bats
  5 giant cockroaches
  14 goblins
  9 hobgoblins
  23 jackals
  15 kobolds
  4 quokkas
  2 giant gecko skeletons
  2 giant newts
  A jackal zombie
  2 quokka skeletons
  9 rats
  2 crawling corpses
  34 fungi
  29 plants
2059 creatures vanquished.
